Map: Ephemeron LE

Players

Mez

  • Race: Terran Terran
  • League: Master
  • Spawn Location: 11:00

A.I. 1 (Very Easy) - Winner!

  • Race: Zerg Zerg
  • Spawn Location: 5:00

VOD

Have the link to the VOD?

Description

Time

  • Played on: Aug. 26, 2019, 11:12 p.m.
  • Length: 7:44
Show
View Real Time Build Order
Export as new Build Order

Mez Terran 

Build Orders: 2 Factory 

Get SALT Encoding   

  6  0:00  SCV  
  13  0:12  SCV  
  14  0:17  Supply Depot  
  14  0:24  SCV  
  14  0:27  Refinery  
  15  0:39  SCV  
  16  0:45  Barracks  
  16  0:51  SCV  
  17  1:03  SCV  
  18  1:15  SCV  
  20  1:32  Reaper  
  20  1:33  Orbital Command  
  20  1:53  Bunker  
  20  1:55  Bunker  
  20  1:56  Supply Depot  
  20  1:58  Supply Depot  
  20  2:02  Factory  
  20  2:08  SCV  
  20  2:12  Marine  
  22  2:21  Supply Depot  
  21  2:23  Factory  
  21  2:32  Supply Depot  
  21  3:16  Marine  
  21  3:17  Hellion  
  24  3:32  SCV  
  25  3:35  Marine  
  26  3:47  Bunker  
  26  4:04  Bunker  
  26  4:14  Bunker, Supply Depot  
  26  4:15  Bunker, Supply Depot  
Show
View Real Time Build Order
Export as new Build Order

A.I. 1 (Very Easy) Zerg - Winner!

Build Orders: Hatch First 

Get SALT Encoding   

  6  0:01  Drone  
  13  0:12  Overlord  
  13  0:16  Drone  
  14  0:41  Hatchery  
  13  0:45  Drone  
  14  1:03  Spawning Pool  
  13  1:05  Drone  
  13  1:08  Extractor  
  13  1:12  Drone  
  14  1:20  Overlord  
  14  1:50  Queen, Zergling x2  
  14  1:52  Zergling x2  
  18  2:01  Roach Warren  
  18  2:02  Extractor  
  18  2:07  Drone  
  17  2:14  Drone  
  18  2:17  Zergling x2  
  18  2:22  Drone  
  20  2:29  Drone  
  21  2:36  Drone  
  22  2:43  Drone  
  23  2:50  Drone  
  24  2:57  Drone  
  25  3:05  Roach, Drone  
  28  3:10  Overlord  
  28  3:15  Drone  
  29  3:22  Drone  
  30  3:28  Lair  
  30  3:29  Drone  
  31  3:41  Drone  
  32  3:48  Drone  
  33  3:53  Roach  
  33  3:55  Drone  
  36  3:59  Overlord  
  36  4:03  Drone  
  37  4:10  Drone  
  38  4:17  Drone  
  39  4:24  Drone  
  39  4:26  Overseer  
  39  4:28  Overseer  
  40  4:31  Drone  
  41  4:39  Drone  
  41  4:41  Ravager  
  41  4:42  Overlord, Roach  
  41  4:43  Extractor  
  44  4:46  Drone  
  45  4:53  Drone  
  46  5:00  Drone, Extractor  
  46  5:07  Drone  
  47  5:14  Drone  
  48  5:22  Drone  
  49  5:29  Drone  
  50  5:36  Drone  
  51  5:43  Drone  
Tags
 
Add a new tag
Caveats
  • Supply blocks, unpowered buildings, or Contaminate may cause inaccurate times.
  • Supply counts are checked every 10 seconds.